 Dungeon Crawl Stone Soup version 0.30.0-20-g3b4254fcbd (webtiles) character file.

Game seed: 13836356313023599867

141 Graphine the Shooter (level 5, 0/41 HPs)
             Began as a Formicid Hunter on June 2, 2023.
             Slain by an orc wizard
             ... wielding a +0 dagger
              (1 damage)
             ... on level 3 of the Dungeon.
             The game lasted 00:05:19 (1640 turns).

Graphine the Shooter (Formicid Hunter)              Turns: 1640, Time: 00:05:19

Health: 0/41       AC:  3    Str: 16    XL:     5   Next: 48%
Magic:  5/5        EV: 13    Int:  8    God:
Gold:   118        SH:  0    Dex: 19    Spells: 4/4 levels left

rFire   . . .        a - +0 shortbow
rCold   . . .        (no shield)
rNeg    . . .        c - +0 leather armour
rPois   .            (helmet unavailable)
rElec   .            (no cloak)
rCorr   .            (no gloves)
SInv    +            (no boots)
Will    .....        (no amulet)
Stlth   +            (no ring)
HPRegen 0.26/turn    (no ring)
MPRegen 0.09/turn

%: no passive effects
@: confused
A: permanent stasis, dig shafts and tunnels, antennae 3, four strong arms
a: Dig, Shaft Self


You were on level 3 of the Dungeon.
You visited 1 branch of the dungeon, and saw 3 of its levels.

You collected 118 gold pieces.

Inventory:

Hand Weapons
 a - a +0 shortbow (weapon)
 u - a +0 dagger
Missiles
 d - 4 javelins
Armour
 c - a +0 leather armour (worn)
Magical Staves
 f - a staff of poison
Wands
 p - a wand of paralysis (7)
Scrolls
 b - a scroll of immolation
 e - 2 scrolls of poison {unknown}
 g - 2 scrolls of fog {unknown}
 i - a scroll of enchant weapon {unknown}
 o - 2 scrolls of identify {unknown}
 r - a scroll of enchant armour {unknown}
 t - a scroll of summoning {unknown}
Potions
 h - a potion of attraction {unknown}
 j - a potion of mutation {unknown}
 k - a potion of brilliance {unknown}
 l - 2 potions of lignification {unknown}
 m - a potion of degeneration {unknown}
 n - a potion of haste {unknown}
 q - 2 potions of heal wounds {unknown}
 s - a potion of curing {unknown}


   Skills:
 + Level 3.4 Fighting
 + Level 4.6 Ranged Weapons
 + Level 2.8 Dodging
 + Level 3.3 Stealth


You had 4 spell levels left.
You didn't know any spells.
Your spell library contained the following spells:

 Spells                   Type           Power      Damage    Failure   Level
 Magic Dart               Conj           0%         1d3       47%         1
 Call Imp                 Summ           0%         N/A       63%         2
 Mephitic Cloud           Conj/Pois/Air  0%         N/A       85%         3


Dungeon Overview and Level Annotations

Branches:
Dungeon (3/15)

Altars:

Shops:
D:1 :


Innate Abilities, Weirdness & Mutations

You cannot be hasted, slowed, berserked, paralysed or teleported.
You can dig through walls and to a lower floor.
You have a pair of large antennae on your head. (SInv)
Your four strong arms can wield two-handed weapons with a shield.


Message History

You shoot an arrow. The arrow hits the orc wizard!
The orc wizard is heavily wounded.
An orc priest comes into view. It is wielding a +0 falchion.
The orc wizard mumbles some strange words.
The orc wizard flickers and vanishes for a moment.
The orc priest moves out of view.
You shoot an arrow. The arrow hits the orc wizard.
The orc wizard is severely wounded.
The orc wizard hits you but does no damage.
An orc comes into view. It is wielding a +0 short sword.
The ball python bites you. The ball python grabs you.
The ball python constricts you.
You shoot an arrow. The orc shouts!
The arrow hits the ball python.
You kill the ball python!
The orc wizard casts a spell at you. The puff of flame hits you.
The orc priest calls down the wrath of Beogh upon you.
Beogh smites you!
* * * LOW HITPOINT WARNING * * *
A ball python comes into view.
Okay, then.
You are too injured to fight recklessly!
The ball python hisses angrily.
The orc wizard casts a spell at you. The puff of flame hits you.
* * * LOW HITPOINT WARNING * * *
You see here a ball python corpse.
The orc priest begins to cast a cantrip, but forgets the words!
The orc wizard casts a spell at you.
You are confused.
There is a stone staircase leading up here.
In your confused state, you trip and fall back down the stairs.
* * * LOW HITPOINT WARNING * * *
The orc barely misses you.
Unknown command.
Unknown command.
The orc wizard hits you with a +0 dagger.
You die...

.## ..# ###.#
#(#.# #.#.#
#...# #o@.# # #
..##oo†##.#$$$#
#..S.).......#
.)...#.###.#.#.#
......#.. ..
#####.##. .# . .
# # #.


You could see an orc priest, an orc wizard (invisible), an orc and a ball
python.

Vanquished Creatures
  An orc wizard (D:3)
  A gnoll (D:1)
  6 adders (D:2)
  2 worms (D:2)
  A dart slug (D:2)
  An orc (D:3)
  3 endoplasms
  2 giant cockroaches (D:2)
  7 goblins
  4 hobgoblins
  2 jackals (D:1)
  2 quokkas (D:2)
  4 ball pythons
  5 bats (D:1)
  2 frilled lizards
  3 kobolds
46 creatures vanquished.

Notes
Turn   | Place    | Note
-------+----------+-------------------------------------------
     0 | D:1      | Graphine the Formicid Hunter began the quest for the Orb.
     0 | D:1      | Reached XP level 1. HP: 16/16 MP: 1/1
     3 | D:1      | Found a transporter.
     7 | D:1      | Found Wyog's Book Shop.
    31 | D:1      | Reached XP level 2. HP: 16/23 MP: 2/2
    38 | D:1      | Found a transporter.
   280 | D:1      | Reached XP level 3. HP: 28/28 MP: 3/3
   957 | D:2      | Reached XP level 4. HP: 34/34 MP: 4/4
  1317 | D:2      | Reached XP level 5. HP: 41/41 MP: 5/5
  1636 | D:3      | HP: 1/41 [orc wizard/puff of flame (6)]
  1640 | D:3      | Slain by an orc wizard

Illustrated notes

Levels and vault maps discovered:
D:1:      dpeg_arrival_orchard, layout_basic, serial_shops,
          nicolae_shop_drivethru
D:2:      layout_loops_ring, minmay_vboxes
D:3:      minmay_spotlight, layout_basic, slow_altar_2,
          shapermc_ecumenical_altar_mp_vishouse, serial_shops, shop_fountains,
          nicolae_shop_crystal, nicolae_shop_gaudy_bauble, shop_coins

Skill      XL: |  1  2  3  4 |
---------------+-------------+-----
Dodging        | 2 |  2.8
Stealth        | 2 3 |  3.3
Fighting       | 3 |  3.4
Ranged Weapons | |  4.6

Action                     |  1- 3 |  4- 6 || total
---------------------------+-------+-------++-------
   Fire: Shortbow          |    51 |    78 ||   129
    Use: Scroll            |       |     1 ||     1
 Armour: Leather armour    |     4 |     8 ||    12
  Dodge: Dodged            |     5 |    16 ||    21
